 Dungeon Crawl Stone Soup version 0.28-a0-1159-g27aa881441 (webtiles) character file.

Game seed: 16667114447304176390

130 patchburns1 the Skirmisher (level 5, -2/46 HPs)
             Began as a Hill Orc Fighter on Dec 15, 2021.
             Slain by Sigmund (9 damage)
             ... on level 3 of the Dungeon.
             The game lasted 00:07:05 (2810 turns).

patchburns1 the Skirmisher (Hill Orc Fighter)       Turns: 2810, Time: 00:07:06

Health: -2/46      AC:  8    Str: 21    XL:     5   Next: 13%
Magic:  6/6        EV:  9    Int:  8    God:
Gold:   106        SH:  4    Dex: 10    Spells: 4/4 levels left

rFire   . . .      SeeInvis .   a - +0 war axe
rCold   . . .      Faith    .   c - +0 buckler
rNeg    . . .      Spirit   .   b - +0 scale mail
rPois   .          Reflect  .   (no helmet)
rElec   .          Harm     .   (no cloak)
rCorr   .          Rampage  .   j - +0 pair of gloves
Will    .....                   (no boots)
Stlth   ..........              (no amulet)
HPRegen 0.15/turn               (no ring)
MPRegen 0.10/turn               (no ring)

@: no status effects
A: no striking features
a: no special abilities


You were on level 3 of the Dungeon.
You visited 1 branch of the dungeon, and saw 3 of its levels.

You collected 106 gold pieces.

Inventory:

Hand Weapons
 a - a +0 war axe (weapon)
Missiles
 e - 27 stones (quivered)
 f - 24 sling bullets
 g - 3 boomerangs
 m - 7 poisoned darts
 o - 16 bolts
Armour
 b - a +0 scale mail (worn)
 c - a +0 buckler (worn)
 j - a +0 pair of gloves (worn)
Scrolls
 h - a scroll of identify {unknown}
 k - a scroll of enchant armour {unknown}
 n - a scroll of blinking {unknown}
Potions
 d - a potion of might
 i - a potion of mutation {unknown}
 l - a potion of brilliance {unknown}


   Skills:
 * Level 4.2 Fighting
 * Level 3.8 Axes
 + Level 0.6 Throwing
 * Level 3.8 Armour
 + Level 0.4 Dodging
 * Level 3.9 Shields
 * Level 2.1 Invocations
 + Level 0.8 Evocations


You had 4 spell levels left.
You didn't know any spells.
Your spell library was empty.

Dungeon Overview and Level Annotations

Branches:
Dungeon (3/15)

Altars:

Annotations:
D:3 Sigmund


Message History

The adder is almost dead.
The adder bites you.
You hit the adder.
You kill the adder!
You see here a +0 whip.
HP restored.
Found 16 bolts.
n - a scroll labelled FISSEURUOTA You see here 16 bolts.
o - 16 bolts Sigmund the Dreaded comes into view.
He is wielding a +0 scythe of pain.
Sigmund shouts!
Sigmund hits you with a +0 scythe of pain.
You writhe in agony.
You closely miss Sigmund.
Sigmund hits you with a +0 scythe of pain!
You barely miss Sigmund.
Sigmund hits you with a +0 scythe of pain!
You barely miss Sigmund.
Sigmund hits you with a +0 scythe of pain!
You hit Sigmund.
Sigmund is lightly wounded.
You slash Sigmund!
Sigmund is moderately wounded.
You block Sigmund's attack.
You hit Sigmund but do no damage.
Sigmund is moderately wounded.
Sigmund hits you with a +0 scythe of pain.
You writhe in agony.
* * * LOW HITPOINT WARNING * * *
You closely miss Sigmund.
Sigmund is moderately wounded.
Sigmund hits you with a +0 scythe of pain.
* * * LOW HITPOINT WARNING * * *
You writhe in agony.
* * * LOW HITPOINT WARNING * * *
You hit Sigmund but do no damage.
Sigmund is moderately wounded.
Sigmund hits you with a +0 scythe of pain!
You die...

#....##.#.#'#...#.
###..#....#.#...#.
#..######.#.....
###.....#...#...#.
#....#.....###+#..
#....#...#.... #..
#....#...+. .. ###
#....#...#.
#@...#...#
#@...#...#
#....##### #....#
#....# ####.. ...
....


You could see Sigmund.

Vanquished Creatures
  A hound (D:2)
  An orc wizard (D:2)
  3 adders
  A dart slug (D:1)
  6 orcs
  3 ball pythons
  7 bats
  2 endoplasms
  3 goblins
  3 hobgoblins
  2 quokkas (D:1)
  A frilled lizard (D:1)
  2 kobolds
  5 rats
40 creatures vanquished.

Notes
Turn   | Place    | Note
-------+----------+-------------------------------------------
     0 | D:1      | patchburns1 the Hill Orc Fighter began the quest for the
                  | Orb.
     0 | D:1      | Reached XP level 1. HP: 19/19 MP: 1/1
   346 | D:1      | Reached XP level 2. HP: 27/27 MP: 2/2
   887 | D:2      | Reached skill level 1 in Invocations
   996 | D:2      | Found a faded altar of an unknown god.
  1121 | D:2      | Reached skill level 4 in Fighting
  1121 | D:2      | Reached XP level 3. HP: 6/33 MP: 3/3
  1886 | D:2      | Reached XP level 4. HP: 7/40 MP: 5/5
  2574 | D:2      | Reached XP level 5. HP: 27/46 MP: 6/6
  2799 | D:3      | Noticed Sigmund
  2810 | D:3      | Slain by Sigmund

Illustrated notes

Levels and vault maps discovered:
D:1:      dpeg_arrival_pond, layout_basic
D:2:      layout_loops_ring, chequers_ecumenical_altar_simple_redux,
          minmay_diced_spiral
D:3:      layout_basic, riverfiend_overflow_shadow_ancestor,
          nicolae_elevator_lobby_plus, uniq_ijyb, uniq_sigmund

Skill      XL: |  1  2  3  4 |
---------------+-------------+-----
Axes           | 3 |  3.8
Invocations    | 1 2 |  2.1
Fighting       | 4 |  4.2
Throwing       | |  0.6
Armour         | |  3.8
Dodging        | |  0.4
Shields        | |  3.9
Evocations     | |  0.8

Action                   |  1- 3 |  4- 6 || total
-------------------------+-------+-------++-------
Melee: War axe           |    80 |    36 ||   116
Throw: Stone             |     1 |       ||     1
  Use: Potion            |     2 |       ||     2
Armor: Scale mail        |    31 |    12 ||    43
       Skin              |     4 |       ||     4
Dodge: Dodged            |    31 |    24 ||    55
Block: Buckler           |    26 |     8 ||    34

Table legend: (Time is in decaauts)
 A = Elapsed time spent in this place.
 B = Non-inter-level travel time spent in this place.
 C = Inter-level travel time spent in this place.
 D = Time resting spent in this place.
 E = Time spent auto-exploring this place.
 F = Levels seen in this place.
 G = Mean time per level.
                   A        B        C        D        E       F      G
               +--------+--------+--------+--------+--------+-----+--------+
         Total |   2852 |   2852 |      0 |   1077 |   1117 |   3 |  950.7 |
       Dungeon |   2852 |   2852 |      0 |   1077 |   1117 |   3 |  950.7 |
               +--------+--------+--------+--------+--------+-----+--------+

Top non-repeatable levels by time:
     D:2: 1793 daAuts
     D:1: 892 daAuts
     D:3: 165 daAuts
